 Dungeon Crawl Stone Soup version 0.29-a0-824-gd827844252 (webtiles) character file.

Game seed: 11281874241489232523

209 gobodom the Grasshopper (level 5, 0/41 HPs)
             Began as a Palentonga Warper on July 11, 2022.
             Slain by a quokka (2 damage)
             ... on level 4 of the Dungeon.
             The game lasted 00:10:17 (2762 turns).

gobodom the Grasshopper (Palentonga Warper)         Turns: 2762, Time: 00:10:18

Health: 0/41       AC:  7    Str: 14    XL:     5   Next: 55%
Magic:  0/8        EV: 14    Int: 15    God:
Gold:   206        SH:  0    Dex: 10    Spells: 4/9 levels left

rFire   . . .      SeeInvis +   a - +0 hand axe
rCold   . . .      Faith    .   (no shield)
rNeg    . . .      Spirit   .   (no body armour)
rPois   .          Reflect  .   (no helmet)
rElec   .          Harm     .   (no cloak)
rCorr   .          Rampage  .   (no gloves)
Will    .....                   (no barding)
Stlth   +.........              (no amulet)
HPRegen 0.13/turn               f - +4 ring of evasion
MPRegen 0.11/turn               m - +4 ring of protection

@: very slightly contaminated, studying Stealth
A: large, rugged brown scales 3, see invisible, deformed body, roll 1, armoured
tail
a: Rolling Charge


You were on level 4 of the Dungeon.
You visited 1 branch of the dungeon, and saw 4 of its levels.

You collected 206 gold pieces.

Inventory:

Hand Weapons
 a - a +0 hand axe (weapon)
Missiles
 d - 7 boomerangs of dispersal
Armour
 b - a +0 leather armour
 i - a +0 chain mail
 k - a +0 scale mail
 s - a +0 ring mail
 u - a +0 plate armour
Jewellery
 f - a +4 ring of evasion (left hand)
 m - a +4 ring of protection (right hand)
 q - a ring of protection from cold
Wands
 v - a wand of digging (6)
Scrolls
 g - a scroll of silence {unknown}
 l - 2 scrolls of identify {unknown}
 n - a scroll of enchant weapon {unknown}
 o - a scroll of noise {unknown}
 p - 4 scrolls of teleportation {unknown}
 t - a scroll of amnesia {unknown}
Potions
 e - a potion of magic {unknown}
 h - 2 potions of lignification {unknown}
 j - 3 potions of curing {unknown}
 r - 4 potions of haste {unknown}


   Skills:
 + Level 2.5 Fighting
 + Level 3.6 Axes
 + Level 0.6 Throwing
 + Level 1.4 Armour
 + Level 2.5 Dodging
 + Level 0.4 Stealth
 + Level 2.5 Spellcasting
 + Level 3.7 Translocations


You had 4 spell levels left.
You knew the following spells:

 Your Spells              Type           Power      Damage    Failure   Level
a - Blink                 Tloc           26%        N/A       7%          2
b - Gell's Gravitas       Tloc           13%        N/A       14%         3

Your spell library contained the following spells:

 Spells                   Type           Power      Damage    Failure   Level
 Lesser Beckoning         Tloc           13%        N/A       14%         3
 Teleport Other           Tloc           13%        N/A       14%         3
 Portal Projectile        Hex/Tloc       14%        N/A       28%         3
 Tukima's Dance           Hex            1%         N/A       54%         3
 Manifold Assault         Tloc           13%        N/A       77%         5
 Summon Forest            Summ/Tloc      3%         N/A       95%         5
 Blade Hands              Tmut           0%         N/A       99%         5
 Conjure Ball Lightning   Conj/Air       0%         3x3d6     100%        6
 Eringya's Noxious Bog    Tmut/Pois      0%         N/A       100%        6
 Summon Hydra             Summ           0%         N/A       100%        7
 Discord                  Hex            0%         N/A       100%        8
 Disjunction              Tloc           6%         N/A       100%        8


Dungeon Overview and Level Annotations

Branches:
Dungeon (4/15)             Temple (0/1) D:4

Altars:
Elyvilon
Kikubaaqudgha

Annotations:
D:4 Pikel


Innate Abilities, Weirdness & Mutations

You are completely covered in rugged brown scales. (AC +3, +7% HP)
You have supernaturally acute eyesight. (SInv)
Armour fits poorly on your strangely shaped body.
You can roll at nearby foes to attack.
You have a long armoured tail.


Message History

2 lemures come into view.
Pikel shouts!
The lemure shouts!
You hear a shout!
Pikel zaps a wand.
The puff of flame hits you!
* * * LOW HITPOINT WARNING * * *
Found 11 gold pieces.
Found an escape hatch in the ceiling.
Pikel zaps a wand.
The puff of flame hits you!
* * * LOW HITPOINT WARNING * * *
You feel stable enough to blink again. The hound completely misses you.
The hound bites you but does no damage.
Found a scroll labelled UBLOIT QEKKOS.
Found a bubbling grey potion.
The hound bites you but does no damage. The hound closely misses you.
The hound bites you.
* * * LOW HITPOINT WARNING * * *
The hound stops to sniff the ground.
The hound bites you but does no damage. The hound attacks as you move away!
The hound closely misses you.
Blink to where?
Press: ? - help, Q - select action, (/) - cycle Dir - move target
As you read the scroll of blinking, it crumbles to dust.
A quokka comes into view.
Casting: Blink (safe; 7% risk of failure)
Confirm with . or Enter, or press ? or * to list all spells.
You miscast Blink.
You are very lightly contaminated with residual magic.
Nothing appears to happen.
The quokka closely misses you. The hound bites you but does no damage.
You hit the hound.
Your tail-slap misses the hound.
The hound is severely wounded.
You closely miss the quokka.
The hound pauses to sniff the ground.
The hound bites you but does no damage. The quokka closely misses you.
You hit the hound. You tail-slap the hound.
You kill the hound!
You hit the quokka but do no damage.
The quokka bites you but does no damage.
The quokka misses you.
You closely miss the quokka. The quokka bites you.
You die...

#... ....<... .#..[..
#...... . # #..##.. ..#.
#...##. .....###### ##
#..##.
........#.###!.####....5
.......@#...##...#.5..5.
###....r..#.......5###..
#.......##h.####.# #..
...............###.###..
.........###K#..##...###
###...###... ##.5.###...
#.### ... #.###.# ... ..
.#.. #.. ..#... ### #..
..####


You could see Pikel and a quokka.

Vanquished Creatures
  A necrophage (D:4)
  2 hounds (D:4)
  3 adders
  2 worms (D:3)
  2 dart slugs
  7 ball pythons
  8 bats
  5 endoplasms
  3 giant cockroaches (D:1)
  7 hobgoblins
  3 quokkas
  3 frilled lizards (D:1)
  5 kobolds
  2 rats (D:1)
53 creatures vanquished.

Vanquished Creatures (others)
  A human (D:3)
1 creature vanquished.

Grand Total: 54 creatures vanquished

Notes
Turn   | Place    | Note
-------+----------+-------------------------------------------
     0 | D:1      | gobodom the Palentonga Warper began the quest for the Orb.
     0 | D:1      | Reached XP level 1. HP: 17/17 MP: 3/3
   312 | D:1      | Reached XP level 2. HP: 17/23 MP: 5/5
   563 | D:1      | Learned a level 2 spell: Blink
  1025 | D:1      | Reached XP level 3. HP: 22/28 MP: 6/6
  1331 | D:2      | Found a white marble altar of Elyvilon.
  1819 | D:2      | Learned a level 3 spell: Gell's Gravitas
  1883 | D:3      | Reached skill level 1 in Armour
  2213 | D:3      | Found a faded altar of an unknown god.
  2219 | D:3      | Reached XP level 4. HP: 35/35 MP: 7/7
  2508 | D:3      | Found an ancient bone altar of Kikubaaqudgha.
  2509 | D:3      | Noticed a human
  2513 | D:3      | Killed a human
  2699 | D:4      | Found a staircase to the Ecumenical Temple.
  2716 | D:4      | Noticed a necrophage
  2737 | D:4      | Killed a necrophage
  2738 | D:4      | Reached XP level 5. HP: 16/41 MP: 1/8
  2738 | D:4      | Noticed Pikel
  2739 | D:4      | Noticed a lemure
  2739 | D:4      | Noticed a lemure
  2751 | D:4      | HP: 1/41 [hound (3)]
  2762 | D:4      | Slain by a quokka

Illustrated notes

Levels and vault maps discovered:
D:1:      heliophobic_arrival_ceremonial_halls, layout_loops_corners,
          chequers_serial_rivers_large_b, minmay_box_of_dots
D:2:      layout_basic, basic_altar, serial_glass, glass_columns_a,
          glass_columns_c, item_on_display_a, feat_on_display,
          minmay_strange_pillars, due_unseen_surprise
D:3:      layout_loops_ring, tgw_kikubaaqudgha,
          hellmonk_ecumenical_altar_heavens_door
D:4:      nicolae_cairo_tiling, layout_cave_pools, zin_angel,
          nicolae_hepliaklqana_monster_ancestors, mainiacjoe_overflow_paths,
          uniq_pikel

Skill      XL: |  1  2  3  4 |
---------------+-------------+-----
Armour         | 1 |  1.4
Dodging        | 2 |  2.5
Axes           | 3 |  3.6
Fighting       | |  2.5
Throwing       | |  0.6
Stealth        | |  0.4
Spellcasting   | |  2.5
Translocations | |  3.7

Action                   |  1- 3 |  4- 6 || total
-------------------------+-------+-------++-------
Melee: Hand axe          |   119 |    36 ||   155
       Tailslap          |    16 |    11 ||    27
 Cast: Blink             |     4 |     4 ||     8
       Gell's Gravitas   |       |     1 ||     1
 Abil: Rolling Charge    |    37 |     5 ||    42
  Use: Scroll            |       |     1 ||     1
Armor: Leather armour    |    16 |       ||    16
       Scale mail        |    11 |       ||    11
       Skin              |     8 |    19 ||    27
Dodge: Dodged            |    73 |    36 ||   109

Table legend: (Time is in decaauts)
 A = Elapsed time spent in this place.
 B = Non-inter-level travel time spent in this place.
 C = Inter-level travel time spent in this place.
 D = Time resting spent in this place.
 E = Time spent auto-exploring this place.
 F = Levels seen in this place.
 G = Mean time per level.
                   A        B        C        D        E       F      G
               +--------+--------+--------+--------+--------+-----+--------+
         Total |   2813 |   2687 |    126 |      0 |   2251 |   4 |  703.2 |
       Dungeon |   2813 |   2687 |    126 |      0 |   2251 |   4 |  703.2 |
               +--------+--------+--------+--------+--------+-----+--------+

Top non-repeatable levels by time:
     D:1: 1313 daAuts
     D:3: 873 daAuts
     D:2: 559 daAuts
     D:4: 67 daAuts
